 Dungeon Crawl Stone Soup version 0.30.0-29-ga12c61a403 (webtiles) character file.

Game seed: 11836105221670782404

201390 croobank the Spry (level 17, 0/83 HPs)
             Began as a Felid Summoner on June 20, 2023.
             Was an Initiate of Gozag.
             Shot with an arrow by a satyr (25 damage)
             ... on level 4 of the Shoals on June 21, 2023.
             The game lasted 06:17:59 (65634 turns).

croobank the Spry (Felid Summoner)                 Turns: 65634, Time: 06:18:00

Health: 0/83       AC: 18    Str:  4    XL:     17   Next: 91%
Magic:  17/37      EV: 38    Int: 31    God:    Gozag
Gold:   3464       SH:  5    Dex: 16    Spells: 5/46 levels left
                                        Lives:  0   Deaths: 4

rFire   . . .        (weapon unavailable)
rCold   . . .        (shield unavailable)
rNeg    . . .        (body armour unavailable)
rPois   ∞            (helmet unavailable)
rElec   +            (cloak unavailable)
rCorr   .            (gloves unavailable)
SInv    +            (boots unavailable)
Will    +++..        G - amulet of reflection
Stlth   +++          J - +6 ring of intelligence
HPRegen 0.33/turn    R - ring of willpower
MPRegen 0.25/turn

%: reflection
@: lethally poisoned (0 -> 0), storm-form, flying
A: cleaving, insubstantial, flying, very small, (claws 1), (fangs 3), see
invisible, (speed 1), (shaggy fur 3), (stealthy paws), no weapons or thrown
items, no armour, multi-lived
}: 1/15 runes: serpentine
a: Blinkbolt, End Transformation, Renounce Religion, Potion Petition, Call
Merchant, Bribe Branch


You were on level 4 of the Shoals.
You worshipped Gozag.
Gozag was most pleased with you.
You were a lightning-filled tempest!
You visited 7 branches of the dungeon, and saw 33 of its levels.
You also visited: Ice Cave.

You collected 12997 gold pieces.
You spent 4110 gold pieces at shops.
You paid 5423 gold pieces to Gozag.

Inventory:

Jewellery
 k - an amulet of regeneration
 m - a ring of protection from fire
 r - a ring of protection from cold
 A - a +6 ring of dexterity
 E - the ring "Acwymar" {Fly rElec rN+ Dex-2 Slay+4}
   (You found it on level 5 of the Lair of Beasts)

   [ring of flight]

   Dex:       It affects your dexterity (-2).
   Slay:      It affects your accuracy & damage with ranged weapons and melee
   (+4).
   rElec:     It insulates you from electricity.
   rN:        It protects you from negative energy.
   Fly:       It grants you flight.
 G - an amulet of reflection (around neck)
 J - a +6 ring of intelligence (left paw)
 K - the ring of Xom's Full Attention {rPois EV+5 Int+3}
   (You bought it in a shop on level 13 of the Dungeon)

   [ring of evasion]

   EV:        It affects your evasion (+5).
   Int:       It affects your intelligence (+3).
   rPois:     It protects you from poison.
 N - a ring of protection from cold
 P - a ring of poison resistance
 R - a ring of willpower (right paw)
Wands
 f - a wand of polymorph (5)
 w - a wand of flame (23)
 D - a wand of mindburst (8)
 L - a wand of charming (14)
 M - a wand of quicksilver (18)
 O - a wand of iceblast (5)
Scrolls
 a - 3 scrolls of amnesia
 l - 5 scrolls of teleportation
 q - 7 scrolls of magic mapping
 t - 3 scrolls of fog
 u - 3 scrolls of silence
 v - 5 scrolls of fear
 x - a scroll of blinking
 y - 21 scrolls of identify
 B - 2 scrolls of immolation
 C - 3 scrolls of poison
 I - a scroll of vulnerability
Potions
 b - 6 potions of attraction
 c - 7 potions of curing
 d - 6 potions of flight
 e - 2 potions of brilliance
 g - 6 potions of ambrosia
 h - 13 potions of lignification
 j - 4 potions of resistance
 n - 6 potions of mutation
 o - 5 potions of cancellation
 p - 4 potions of might
 s - 2 potions of invisibility
 z - 3 potions of haste
 F - 3 potions of berserk rage
 U - 2 potions of heal wounds
Miscellaneous
 i - a tin of tremorstones (2/2)
 H - a box of beasts
 Q - a lightning rod (4/4)
 S - a phantom mirror
 T - a phial of floods


   Skills:
 - Level 14.1 Fighting
 - Level 18.5 Dodging
 - Level 3.5 Stealth
 - Level 15.0 Spellcasting
 - Level 5.0 Hexes
 - Level 15.6 Summonings
 - Level 10.0 Translocations
 + Level 13.7 Transmutations
 - Level 5.0 Ice Magic
 * Level 14.1 Air Magic


You had 5 spell levels left.
You knew the following spells:

 Your Spells              Type           Power      Damage    Failure   Level
a - Summon Small Mammal   Summ           100%       N/A       0%          1
b - Call Imp              Summ           100%       N/A       0%          2
c - Call Canine Familiar  Summ           88%        N/A       0%          3
d - Summon Guardian Gole  Hex/Summ       72%        N/A       1%          3
e - Summon Lightning Spi  Summ/Air       86%        N/A       1%          4
f - Summon Forest         Summ/Tloc      40%        N/A       1%          5
g - Ozocubu's Armour      Ice            53%        N/A       1%          3
h - Summon Hydra          Summ           44%        N/A       2%          7
i - Blink                 Tloc           100%       N/A       1%          2
j - Storm Form            Tmut/Air       41%        N/A       5%          7
k - Iskenderun's Mystic   Conj/Tloc      53%        2d11      2%          4

Your spell library contained the following spells:

 Spells                   Type           Power      Damage    Failure   Level
 Foxfire                  Conj/Fire      92%        2x1d8     1%          1
 Freeze                   Ice            100%       1d10      1%          1
 Kiss of Death            Conj/Necr      92%        2d12      1%          1
 Necrotise                Necr           92%        1d8       1%          1
 Lesser Beckoning         Tloc           100%       N/A       1%          2
 Confusing Touch          Hex            53%        N/A       1%          3
 Frozen Ramparts          Ice            100%       1d16      1%          3
 Gell's Gravitas          Tloc           71%        N/A       1%          3
 Hailstorm                Conj/Ice       38%        3d9       1%          3
 Teleport Other           Tloc           71%        N/A       1%          3
 Volatile Blastmotes      Fire/Tloc      100%       2d18      1%          3
 Manifold Assault         Tloc           71%        N/A       1%          4
 Petrify                  Tmut/Erth      60%        N/A       1%          4
 Cause Fear               Hex            26%        N/A       2%          4
 Vampiric Draining        Necr           23%        2d7       6%          3
 Anguish                  Hex/Necr       19%        N/A       7%          4
 Fulminant Prism          Conj/Hex       19%        3d10      7%          4
 Leda's Liquefaction      Hex/Erth       19%        N/A       7%          4
 Metabolic Englaciation   Hex/Ice        26%        N/A       7%          5
 Dispel Undead            Necr           23%        3d12      19%         4
 Agony                    Necr           23%        N/A       47%         5
 Fireball                 Conj/Fire      11%        3d7       47%         5
 Lee's Rapid Deconstruct  Erth           11%        3d8*      47%         5
 Plasma Beam              Fire/Air       30%        2x1d47    17%         6
 Eringya's Noxious Bog    Tmut/Pois      30%        N/A       19%         6
 Statue Form              Tmut/Erth      40%        N/A       19%         6
 Haunt                    Necr/Summ      32%        N/A       56%         7
 Enfeeble                 Hex            26%        N/A       91%         7
 Ozocubu's Refrigeration  Ice            26%        4d13      91%         7
 Starburst                Conj/Fire      11%        6d5       96%         6
 Infestation              Necr           11%        N/A       100%        8
 Portal Projectile        Hex/Tloc       Unusable   N/A       N/A         3
 Animate Dead             Necr           Unusable   N/A       N/A         4
 Simulacrum               Ice/Necr       Unusable   N/A       N/A         6

Dungeon Overview and Level Annotations

Branches:
Dungeon (15/15)            Temple (1/1) D:4            Lair (5/5) D:11
 Shoals (4/4) Lair:3        Snake (4/4) Lair:3        Slime (0/5) Lair:5
    Orc (2/2) D:10            Elf (2/3) Orc:2        Vaults (0/5) D:14
 Depths (0/4) D:15          IceCv (visited)

Altars:
Ashenzari
Cheibriados
Dithmenos
Elyvilon
Fedhas
Gozag
Hepliaklqana
Kikubaaqudgha
Makhleb
Nemelex Xobeh
Okawaru
Qazlal
Ru
Sif Muna
Trog
Uskayaw
Vehumet
Wu Jian
Xom
Yredelemnul
Zin
The Shining One
Jiyva

Shops:
D:3 [   D:5 ?   D:13 =   Orc:2 ([?(   Elf:1 ?([   Lair:2 :   Snake:2 ((::*
Snake:3 *

Portals:
Trove: D:12 (give 12 potions of heal wounds)

Annotations:
Shoals:1 4 transporters
Snake:3 Vashnia


Innate Abilities, Weirdness & Mutations

You are a lightning-filled tempest!
Your electrical attacks strike out in all directions at once.
You are incredibly evasive.
Your insubstantial body is immune to petrification, constriction, and being set on fire You are flying.
You are immune to poison.
((You have sharp claws.))
((You have razor-sharp teeth.))
You have supernaturally acute eyesight. (SInv)
((You cover ground quickly. (Speed+)))
((Your thick and shaggy fur keeps you warm. (AC +3, rC+)))
((Your paws help you pounce on unaware monsters.))
You are incapable of wielding weapons or throwing items.
You cannot wear armour.
You gain extra lives every three experience levels.


Message History

The arrow completely misses you.
R - a ring of willpower (right paw)
Casting: Summon Hydra (dangerous; 2% risk of failure)
Confirm with . or Enter, or press ? or * to list all spells.
A 12-headed hydra appears.
The satyr shoots an arrow.
The arrow completely misses you.
The merfolk hits you from afar with a +0 trident of venom!!
You are poisoned.
You feel very sick. You block the merfolk's attack.
There is a stone staircase leading up here.
Casting: Summon Hydra (dangerous; 2% risk of failure)
Confirm with . or Enter, or press ? or * to list all spells.
An eight-headed hydra appears.
You feel very sick. The merfolk closely misses you.
You scratch the merfolk but do no damage.
You feel very sick. The merfolk misses you.
You feel sick.
The satyr shoots an arrow.
The arrow hits you!!
* * * LOW HITPOINT WARNING * * *
Casting: Summon Hydra (dangerous; 2% risk of failure)
Confirm with . or Enter, or press ? or * to list all spells.
You turn into a lightning-filled tempest!
The merfolk closely misses you.
The satyr plays a frightful melody on his pipes!
The satyr radiates an aura of fear!
You are unaffected.
Your eight-headed hydra looks frightened!
Your 12-headed hydra bites the merfolk.
Your 12-headed hydra closely misses the merfolk.
Your 12-headed hydra bites the merfolk.
Your 12-headed hydra bites the merfolk!
Your 12-headed hydra misses the merfolk.
Your 12-headed hydra bites the merfolk. x2
Your 12-headed hydra misses the merfolk.
Your 12-headed hydra bites the merfolk!
Your 12-headed hydra barely misses the merfolk. x3
The merfolk barely misses your 12-headed hydra.
The satyr shoots an arrow.
The arrow hits you!!
You die...
Your body crumbles into a pile of gold.

P~P~.P..............~~..~~.......
P...P...............~~..~~.....^.
*##...P.............~~~~~~.......
* #.P.........).......~~~~.......
#.........^.......$..~~~....... *
#......##............~~~......~
###......####...)......~~~...P~~#
..#......###...........c~~~~~~~#~
..P.......#....Dv......~~~~~~~#~~
P..P........)).m.######~~~~~~~#~*
.P...........(..#D...~##~~~≈≈≈#~~
~.............)#.#....~##~~≈≈≈#~~
PP..........).#.#..≈#..≈#~~~≈≈#~~
~~~...........#m..≈≈≈≈.≈#~~~~≈##~
≈~~...........#..≈≈##≈.≈#~~~≈≈≈##
≈~~~..........#..#≈#≈..≈#..~≈≈≈≈#
≈~~~..........#~..≈≈.)#≈#..~~≈~~≈


You could see a satyr, a merfolk (distracted, ally target), a friendly 12-headed
hydra (summoned) and a friendly eight-headed hydra (summoned, fleeing).

Vanquished Creatures
  A kraken (Shoals:3)
  A merfolk impaler (Shoals:4)
  3 merfolk avatars
  A death yak (Lair:5)
  A naga sharpshooter (Snake:4)
  2 sea snakes
  3 harpies
  2 manticores
  2 merfolk sirens
  A guardian serpent (Snake:4)
  3 water nymphs (Shoals:4)
  An unseen horror (D:5)
  A harpy zombie (Shoals:4)
  4 merfolk
  A meliai (D:14)
  2 nameless horrors
  A snapping turtle (Shoals:4)
  A wyvern (D:9)
  3 water elementals (Shoals:4)
  A water moccasin (D:7)
  A hell hound (Orc:2)
  A wolf (Lair:2)
  2 manticore zombies (Shoals:4)
  2 bullfrogs
  A kobold brigand (D:10)
  4 electric eels
  2 orcs
  2 ball pythons
  A bat zombie (Shoals:4)
  2 endoplasms (D:4)
  A goblin (D:4)
  A hobgoblin (D:4)
  A quokka (D:1)
  A kobold (D:8)
  A rat (D:2)
58 creatures vanquished.

Vanquished Creatures (collateral kills)
  Bai Suzhen (Snake:3)
  Nikola (Shoals:3)
  Jorgrun (Shoals:3)
  A deep elf blademaster (Elf:2)
  Frances (Shoals:1)
  Kirke (D:14)
  Roxanne (Shoals:1)
  17 nagarajas
  Louise (D:14)
  Aizul (Snake:2)
  4 dire elephants (Lair:5)
  Azrael (Orc:2)
  A great orb of eyes (D:14)
  2 deep elf death magi (Elf:1)
  8 merfolk impalers
  A deep elf high priest (Elf:2)
  An entropy weaver (shapeshifter) (Elf:2)
  3 merfolk javelineers
  3 hydras
  2 salamander tyrants (Snake:4)
  An ogre mage (D:15)
  6 centaur warriors
  The ghost of turdburglar the Magician, a novice DrEE of Vehumet (D:9)
  A death knight (D:14)
  4 boulder beetles
  2 catoblepae
  7 two-headed ogres
  11 anacondas
  22 dancing weapons
  4 merfolk avatars
  An alligator snapping turtle (Shoals:3)
  11 death yaks
  4 merfolk aquamancers
  8 naga warriors (Snake:4)
  A satyr (Shoals:2)
  2 shock serpents
  24 naga sharpshooters
  A vampire mage (D:15)
  An orc high priest (Elf:1)
  Sonja (Lair:5)
  9 deep elf knights
  Nergalle (D:10)
  A shadow wraith (D:14)
  2 skeletal warriors (D:15)
  A fire crab (shapeshifter) (D:15)
  Amaemon (Lair:3)
  7 skysharks
  A spectral anaconda (Lair:5)
  A glowing orange brain (D:14)
  5 salamander mystics
  21 sea snakes
  An obsidian statue (Lair:5)
  7 naga ritualists
  6 deep elf archers
  A tengu zombie (D:15)
  19 harpies
  21 deep elf pyromancers
  14 deep elf zephyrmancers
  7 mana vipers
  5 necromancers
  4 cyclopes
  4 orc sorcerers
  A wolf spider (D:15)
  6 orc knights
  18 salamanders
  A shining eye (shapeshifter) (D:14)
  A frost giant zombie (D:15)
  5 ugly things
  An oklob plant (Lair:5)
  10 manticores
  5 guardian serpents
  5 elephants (Lair:5)
  11 merfolk sirens
  2 spriggan zombies (D:15)
  24 naga magi
  37 black mambas
  5 water nymphs
  An unseen horror (D:12)
  4 cane toads
  A dire elephant skeleton (Lair:5)
  3 rime drakes (Lair:3)
  4 komodo dragons
  6 nameless horrors
  A kobold demonologist (D:11)
  An efreet (D:15)
  30 merfolk
  A harpy zombie (Shoals:4)
  3 trolls
  A meliai (D:14)
  A troll (shapeshifter) (D:15)
  2 polar bears
  2 wind drakes
  A tarantella (shapeshifter) (D:14)
  11 snapping turtles
  20 blink frogs
  11 dream sheep (Lair:3)
  3 slime creatures (D:13)
  An air elemental (Elf:2)
  A culicivora (shapeshifter) (Elf:2)
  A shadow (D:12)
  2 vampires
  56 yaks
  3 wyverns
  2 fire elementals
  5 water elementals
  2 basilisks
  3 fire bats (Lair:5)
  3 wraiths
  A hog (D:14)
  4 humans
  6 vampire mosquitoes
  A death yak simulacrum (IceCv)
  A steam dragon (D:8)
  3 wargs
  A spectral cane toad (Lair:5)
  An acid dragon (D:12)
  47 nagas
  13 water moccasins
  5 hell hounds (Orc:2)
  An elephant zombie (Lair:5)
  A sky beast (D:5)
  3 black bears (D:11)
  4 ogres
  41 orc warriors
  5 centaurs (D:12)
  An elephant skeleton (Lair:5)
  20 wolves
  2 phantoms (D:4)
  4 kobold brigands
  8 bullfrogs
  8 scorpions
  An earth elemental (Elf:1)
  8 wights
  The ghost of Gadrel the Cudgeller, a weakling AtCA of Ignis (D:3)
  10 killer bees (D:9)
  An elephant simulacrum (Lair:5)
  A vampire bat (Orc:2)
  An electric eel (Snake:1)
  2 howler monkeys
  4 crimson imps (D:10)
  19 orc priests
  8 jellies
  3 hounds
  2 iguanas
  A sleepcap (D:5)
  18 orc wizards
  7 hell rats (Lair:4)
  A polar bear simulacrum (IceCv)
  11 gnolls
  5 adders
  A shadow imp (D:5)
  3 worms
  2 dart slugs (D:2)
  73 orcs
  20 endoplasms
  5 giant cockroaches
  4 goblins
  8 hobgoblins
  24 kobolds
  4 quokkas
  5 ball pythons
  14 bats
  2 frilled lizards
  5 rats
1077 creatures vanquished.

Vanquished Creatures (others)
  An orc warlord (Orc:2)
  An ettin (D:14)
  An entropy weaver (shapeshifter) (D:14)
  3 hydras
  A two-headed ogre (D:11)
  2 death yaks
  A deep elf knight (Elf:1)
  A sea snake (Shoals:4)
  2 harpies (Shoals:4)
  2 ugly things
  A deep elf zephyrmancer (Elf:1)
  An oklob plant (Lair:2)
  A mana viper (Snake:4)
  A manticore (D:14)
  2 deep elf pyromancers
  2 black mambas
  An orange demon (Lair:3)
  A gargoyle (D:12)
  A komodo dragon (D:12)
  A troll (D:11)
  A meliai (D:14)
  3 slime creatures (D:13)
  A dire elephant simulacrum (Lair:5)
  10 yaks
  A wyvern (D:11)
  3 humans (D:14)
  A steam dragon (D:7)
  A death yak simulacrum (IceCv)
  A harpy simulacrum (IceCv)
  A water moccasin (Lair:3)
  Duvessa (D:7)
  A sky beast (D:7)
  2 black bears (D:4)
  2 wolves
  A centaur (D:12)
  An elephant skeleton (Lair:5)
  A scorpion (D:7)
  Dowan (D:7)
  3 wights (D:7)
  A killer bee (D:9)
  A gnoll bouda (D:4)
  2 orc wizards (D:6)
  23 snaplasher vines
  4 tentacles (Shoals:3)
94 creatures vanquished.

Grand Total: 1229 creatures vanquished

Notes
Turn   | Place    | Note
-------+----------+-------------------------------------------
     0 | D:1      | croobank the Felid Summoner began the quest for the Orb.
     0 | D:1      | Reached XP level 1. HP: 7/7 MP: 4/4
   365 | D:1      | Reached skill level 3 in Dodging
   371 | D:1      | Reached XP level 2. HP: 11/11 MP: 0/6
   374 | D:1      | Learned a level 2 spell: Call Imp
  1031 | D:2      | Identified the +7 halberd "Lusil" {speed, *Slow rN++
                  | Will+++ Stlth+}
  1067 | D:2      | Reached XP level 3. HP: 14/14 MP: 2/7
  1071 | D:2      | Learned a level 3 spell: Call Canine Familiar
  1164 | D:2      | Found an ornate altar of the Wu Jian Council.
  1860 | D:3      | You fall into a shaft and drop 1 floor!
  2231 | D:3      | Reached XP level 4. HP: 18/18 MP: 1/8
  2417 | D:3      | Reached skill level 1 in Fighting
  2684 | D:3      | Found a radiant altar of Vehumet.
  2812 | D:3      | Found Edun Myr's Antique Armour Emporium.
  2901 | D:3      | Found a runed translucent door.
  2902 | D:3      | Noticed Gadrel's ghost (weakling AtCA)
  3093 | D:3      | Found a bloodstained altar of Trog.
  3335 | D:4      | Reached skill level 4 in Dodging
  3357 | D:4      | Noticed a phantom
  3368 | D:4      | Killed a phantom
  3369 | D:4      | Reached XP level 5. HP: 22/22 MP: 5/10
  3379 | D:4      | Noticed a black bear
  3385 | D:4      | Learned a level 3 spell: Summon Guardian Golem
  3401 | D:4      | Killed a black bear
  3402 | D:4      | Reached skill level 5 in Summonings
  3402 | D:4      | Gained mutation: You are covered in thick fur. (AC +2)
                  | [Felid growth]
  3402 | D:4      | Reached XP level 6. HP: 26/26 MP: 2/12
  3585 | D:4      | Reached skill level 5 in Dodging
  3627 | D:4      | Found a snail-covered altar of Cheibriados.
  3911 | D:4      | Found a staircase to the Ecumenical Temple.
  3925 | D:4      | Reached XP level 7. HP: 12/31 MP: 1/13
  4240 | D:4      | Found a sacrificial altar of Ru.
  4241 | D:4      | Found a burning altar of Makhleb.
  4242 | D:4      | Found a broken altar of Ashenzari.
  4242 | D:4      | Found a basalt altar of Yredelemnul.
  4524 | D:5      | Entered Level 5 of the Dungeon
  4538 | D:5      | Reached skill level 1 in Hexes
  4640 | Temple   | Entered the Ecumenical Temple
  4863 | D:5      | Learned a level 4 spell: Summon Lightning Spire
  5260 | D:5      | Reached skill level 6 in Dodging
  5352 | D:5      | Noticed an unseen horror
  5510 | D:5      | Mangled by an unseen horror
  5511 | D:5      | Reached XP level 6. HP: -7/28 MP: 6/13
  5665 | D:5      | Found Watul's Magic Scroll Emporium.
  5668 | D:5      | Bought a scroll of identify for 24 gold pieces
  5668 | D:5      | Bought a scroll of teleportation for 36 gold pieces
  5668 | D:5      | Bought a scroll of silence for 114 gold pieces
  5693 | D:5      | Reached XP level 7. HP: 31/31 MP: 9/14
  5960 | D:5      | Killed an unseen horror
  6772 | D:6      | Identified the +1 flail of the Shore {protect, rPois rCorr
                  | SInv}
  6830 | D:6      | Reached skill level 7 in Dodging
  7021 | D:6      | Reached skill level 5 in Spellcasting
  7021 | D:6      | Reached XP level 8. HP: 6/36 MP: 9/16
  7330 | D:7      | Noticed Duvessa
  7482 | D:7      | Noticed Dowan
  7501 | D:7      | Killed Dowan
  7502 | D:7      | Reached skill level 1 in Air Magic
  7507 | D:7      | Killed Duvessa
  7526 | D:7      | Reached skill level 5 in Hexes
  7865 | D:7      | Reached skill level 5 in Fighting
  8414 | D:7      | Reached XP level 9. HP: 40/40 MP: 11/18
  8474 | D:7      | Found the +11 Singing Sword {sonic wave}
  8990 | D:8      | Found a glowing golden altar of the Shining One.
  9018 | D:8      | Reached skill level 8 in Dodging
 10012 | D:9      | Found an opulent altar of Gozag.
 10019 | D:9      | Became a worshipper of Gozag Ym Sagoz the Greedy
 10065 | D:9      | Found a runed translucent door.
 10070 | D:9      | Noticed turdburglar's ghost (novice DrEE)
 10084 | D:9      | Killed turdburglar's ghost
 10085 | D:9      | Reached skill level 5 in Air Magic
 10099 | D:9      | Identified the staff of air "Pupp" {rElec Str+4 SInv}
 10107 | D:9      | Learned a level 3 spell: Ozocubu's Armour
 10390 | D:9      | Reached XP level 10. HP: 45/45 MP: 6/20
 10429 | D:9      | Reached skill level 9 in Dodging
 11213 | D:10     | Entered Level 10 of the Dungeon
 11293 | D:10     | Found a staircase to the Orcish Mines.
 11393 | D:10     | Noticed Nergalle
 11401 | D:10     | Reached skill level 1 in Ice Magic
 12057 | D:10     | Found a shimmering altar of Xom.
 12098 | D:10     | Killed Nergalle
 12955 | D:3      | Killed Gadrel's ghost
 13286 | D:11     | Noticed a cyclops
 13325 | D:11     | Killed a cyclops
 13326 | D:11     | Reached XP level 11. HP: 50/50 MP: 2/22
 13505 | D:11     | Noticed a white ugly thing
 13511 | D:11     | Killed a white ugly thing
 13512 | D:11     | Reached skill level 10 in Dodging
 13810 | D:11     | Found a staircase to the Lair.
 13953 | D:11     | Noticed a two-headed ogre
 13965 | D:11     | Killed a two-headed ogre
 14097 | D:11     | Noticed a boulder beetle
 14191 | D:11     | Killed a boulder beetle
 14578 | D:5      | Bought a scroll of immolation for 48 gold pieces
 14578 | D:5      | Bought a scroll of teleportation for 36 gold pieces
 14578 | D:5      | Bought a scroll of poison for 48 gold pieces
 15144 | D:12     | Noticed a white ugly thing
 15158 | D:12     | Killed a white ugly thing
 15159 | D:12     | Reached skill level 11 in Dodging
 16237 | D:12     | Found a portal to a secret trove of treasure.
 17059 | D:13     | Gained mutation: Your thick and shaggy fur keeps you warm.
                  | (AC +3, rC+) [Felid growth]
 17059 | D:13     | Reached XP level 12. HP: 56/56 MP: 25/25
 17146 | D:13     | Noticed a six-headed hydra
 17155 | D:13     | Killed a six-headed hydra
 17156 | D:13     | Reached skill level 5 in Ice Magic
 17580 | Lair:1   | Entered Level 1 of the Lair of Beasts
 17732 | Lair:1   | Noticed an eight-headed hydra
 17746 | Lair:1   | Killed an eight-headed hydra
 17959 | Lair:1   | Reached skill level 12 in Dodging
 18169 | Lair:1   | Reached skill level 10 in Summonings
 18361 | Lair:1   | You fall into a shaft and drop 1 floor!
 18387 | Lair:2   | Found a frozen archway.
 18396 | IceCv    | Entered an ice cave
 18659 | IceCv    | Found a transporter.
 19883 | Lair:2   | Bought a Fen Folio for 714 gold pieces
 19889 | Lair:2   | Learned a level 5 spell: Summon Forest
 20010 | Lair:2   | Reached skill level 1 in Translocations
 20176 | Lair:3   | Noticed Amaemon
 20293 | Lair:3   | Found a staircase to the Shoals.
 20304 | Lair:2   | Reached skill level 13 in Dodging
 20968 | Lair:2   | Reached skill level 5 in Translocations
 21155 | Lair:3   | Killed Amaemon
 21156 | Lair:3   | Reached XP level 13. HP: 41/61 MP: 3/27
 21434 | Lair:3   | Reached skill level 10 in Fighting
 22271 | Lair:3   | Found a staircase to the Snake Pit.
 22597 | Lair:3   | Slain by a death yak
 22598 | Lair:3   | Reached XP level 12. HP: 0/58 MP: 26/26
 22636 | Lair:3   | Killed a death yak
 22843 | Lair:3   | Noticed a death yak
 22861 | Lair:3   | Killed a death yak
 22862 | Lair:3   | Reached skill level 10 in Spellcasting
 22863 | Lair:3   | Killed a death yak
 23164 | Lair:3   | Killed a death yak
 23293 | Lair:3   | Killed a death yak
 23294 | Lair:3   | Reached skill level 14 in Dodging
 23475 | Lair:3   | Killed a death yak
 23695 | Lair:3   | Reached skill level 10 in Translocations
 24208 | Lair:4   | Reached XP level 13. HP: 63/63 MP: 22/28
 24733 | Lair:4   | Found an ancient bone altar of Kikubaaqudgha.
 25610 | Lair:5   | Entered Level 5 of the Lair of Beasts
 25696 | Lair:5   | Reached skill level 15 in Dodging
 26046 | Lair:5   | Noticed Sonja
 26054 | Lair:5   | Killed Sonja
 26251 | Lair:5   | Noticed a dire elephant
 26251 | Lair:5   | Noticed a dire elephant
 26251 | Lair:5   | Noticed a dire elephant
 26252 | Lair:5   | Noticed a dire elephant
 26360 | Lair:5   | Found a staircase to the Slime Pits.
 26398 | Lair:5   | Found a blossoming altar of Fedhas.
 26874 | Lair:5   | Found a viscous altar of Jiyva.
 27632 | Lair:5   | Killed a dire elephant
 28030 | Lair:5   | Killed a dire elephant
 28150 | Lair:5   | Killed a dire elephant
 28153 | Lair:5   | Killed a dire elephant
 29010 | Lair:5   | Reached XP level 14. HP: 69/69 MP: 17/30
 29028 | Lair:5   | Identified the ring "Acwymar" {Fly rElec rN+ Dex-2 Slay+4}
 30133 | Lair:1   | Reached skill level 16 in Dodging
 30813 | Orc:1    | Entered Level 1 of the Orcish Mines
 31031 | Orc:2    | Entered Level 2 of the Orcish Mines
 31031 | Orc:2    | Found a staircase to the Elven Halls.
 31315 | Orc:2    | Found Jann's Weapon Shoppe.
 32612 | Orc:2    | Noticed Azrael
 32635 | Orc:2    | Killed Azrael
 33034 | Orc:2    | Found Araloj's Magic Scroll Shop.
 33042 | Orc:2    | Bought a scroll of fear for 56 gold pieces
 33042 | Orc:2    | Bought a scroll of magic mapping for 105 gold pieces
 33042 | Orc:2    | Bought a scroll of teleportation for 42 gold pieces
 33212 | Orc:2    | Noticed an orc warlord
 33589 | Orc:2    | Killed an orc warlord
 33795 | Orc:2    | Found Wyemm's Antique Weapon Shoppe.
 33803 | Orc:2    | Found Osuerphyrgh's Antique Armour Emporium.
 34049 | Lair:2   | Bought an Inescapable Atlas for 544 gold pieces
 34057 | Lair:2   | Learned a level 7 spell: Summon Hydra
 34479 | D:13     | Found Covoss's Jewellery Shoppe.
 34509 | D:13     | Bought a +6 ring of intelligence for 612 gold pieces
 34511 | D:13     | Bought the ring of Xom's Full Attention {rPois EV+5 Int+3}
                  | for 909 gold pieces
 34853 | D:14     | Noticed Kirke
 34861 | D:14     | Killed Kirke
 34926 | D:14     | Noticed Louise
 34935 | D:14     | Killed Louise
 34959 | D:14     | Found a gate to the Vaults.
 35195 | D:14     | Identified the +9 triple crossbow "Brush" {penet, Int+4}
 35512 | D:14     | Reached XP level 15. HP: 73/73 MP: 18/32
 36409 | D:15     | Entered Level 15 of the Dungeon
 36415 | D:14     | Learned a level 2 spell: Blink
 37020 | D:15     | Found a staircase to the Depths.
 38566 | Elf:1    | Entered Level 1 of the Elven Halls
 38575 | Elf:1    | Reached skill level 1 in Transmutations
 38796 | Elf:1    | Found Opsiraum's Magic Scroll Shoppe.
 38804 | Elf:1    | Found Weig's Weapon Emporium.
 38808 | Elf:1    | Found Cuyqenef's Armour Shoppe.
 38948 | Elf:1    | Bought a scroll of blinking for 142 gold pieces
 41097 | Elf:2    | Reached XP level 16. HP: 68/77 MP: 20/34
 41474 | Elf:2    | Reached skill level 5 in Transmutations
 41542 | Elf:2    | Found a runed translucent gate.
 41542 | Elf:2    | Found a runed translucent gate.
 41542 | Elf:2    | Found a runed translucent gate.
 41958 | Elf:2    | Noticed a deep elf blademaster
 41968 | Elf:2    | Reached skill level 17 in Dodging
 41974 | Elf:2    | Killed a deep elf blademaster
 44209 | Snake:1  | Entered Level 1 of the Snake Pit
 46128 | Snake:2  | Found Xuden's General Store.
 46128 | Snake:2  | Found Zekh's Weapon Emporium.
 46129 | Snake:2  | Found Efaelenu's Book Shoppe.
 46131 | Snake:2  | Found Ruuvu's Book Emporium.
 46279 | Snake:2  | Noticed Aizul
 46287 | Snake:2  | Killed Aizul
 46368 | Snake:2  | Identified the staff of cold "Vunte" {*Corrode rElec rPois
                  | rC+ Str+4}
 46956 | Snake:2  | Reached skill level 15 in Summonings
 47364 | Snake:2  | Found Miodor's Weapon Boutique.
 47504 | Snake:3  | Reached XP level 17. HP: 82/82 MP: 22/36
 47523 | Snake:3  | Noticed Vashnia
 47682 | Snake:3  | Shot with an arrow by a naga sharpshooter
 47683 | Snake:3  | Reached XP level 16. HP: -4/78 MP: 18/35
 48977 | Snake:3  | Reached skill level 18 in Dodging
 49600 | Snake:3  | Found Ymiu's General Store.
 49605 | Snake:3  | Bought a phantom mirror for 680 gold pieces
 50063 | Snake:3  | Shot with a bolt by Vashnia
 50064 | Snake:3  | Reached XP level 15. HP: 0/75 MP: 6/34
 50101 | Snake:4  | Entered Level 4 of the Snake Pit
 50103 | Snake:4  | Noticed Bai Suzhen
 50275 | Snake:3  | Killed Bai Suzhen
 50562 | Snake:4  | Learned a level 7 spell: Storm Form
 51160 | Snake:3  | Identified the +0 spear "Qeuj" {heavy, rElec rPois rCorr
                  | Str-3}
 51630 | Snake:4  | Reached skill level 10 in Transmutations
 52162 | Snake:4  | Noticed a nagaraja
 52164 | Snake:4  | Noticed a nagaraja
 52166 | Snake:4  | Noticed a nagaraja
 52168 | Snake:4  | Reached XP level 16. HP: 79/79 MP: 17/35
 52434 | Snake:4  | Reached skill level 15 in Spellcasting
 53044 | Snake:3  | Learned a level 4 spell: Iskenderun's Mystic Blast
 54046 | Snake:4  | Reached skill level 10 in Air Magic
 55511 | Snake:4  | Got a serpentine rune of Zot
 56551 | Shoals:1 | Entered Level 1 of the Shoals
 57090 | Shoals:1 | Noticed Roxanne
 57108 | Shoals:1 | Killed Roxanne
 57310 | Shoals:1 | Noticed Frances
 57331 | Shoals:1 | Found a transporter.
 57333 | Shoals:1 | Killed Frances
 57610 | Shoals:1 | Found a transporter.
 57612 | Shoals:1 | Found a transporter.
 57621 | Shoals:1 | Found a transporter.
 58192 | Shoals:1 | Found a transporter.
 58224 | Shoals:1 | Found a transporter.
 58372 | Shoals:1 | Reached XP level 17. HP: 83/83 MP: 20/37
 61110 | Shoals:2 | HP: 4/83 [poisoned by a merfolk impaler]
 62221 | Shoals:3 | Noticed a kraken
 62319 | Shoals:3 | Killed a kraken
 62413 | Shoals:3 | Noticed Jorgrun
 62420 | Shoals:3 | Killed Jorgrun
 63447 | Shoals:4 | Entered Level 4 of the Shoals
 64197 | Shoals:4 | Noticed Nikola
 64441 | Shoals:3 | Killed Nikola
 64781 | Shoals:4 | Identified the +0 rapier "Fisul" {spect, rElec rPois Str-3
                  | Stlth+}
 65634 | Shoals:4 | Shot with an arrow by a satyr

Illustrated notes

Levels and vault maps discovered:
D:1:      psy_arrival_heroes, layout_loops_ring
D:2:      kennysheep_big_flooded_room, layout_basic, basic_altar,
          corexii_item_surrounded_by_moat
D:3:      layout_loops_ring, mainiacjoe_overflow_surrounded_room, trog_book,
          gammafunk_ghost_grave, serial_shops, nicolae_shop_back_alley_shop,
          palyth_stone_intersect, serial_bayou_lake_a
D:4:      layout_loops_corners, slow_altar_2, mainiacjoe_overflow_alcove_3,
          minmay_temple_entry_waves
D:5:      layout_cave_pods, serial_shops, nicolae_shop_tiny_real_fake_doors,
          minmay_misc_feat_plants, minmay_small_thing
D:6:      layout_basic
D:7:      old_forge, layout_basic, kennysheep_decorative_pillar, uniq_duvessa
D:8:      layout_rooms, tso_altar
D:9:      layout_layer_cave, mainiacjoe_overflow_small_starburst,
          ebering_ghost_reflecting_pool
D:10:     layout_roguey, led_xom_imps, orc_0_dummy, uniq_nergalle
D:11:     layout_rooms, due_lair_maze_entry_diamond
D:12:     layout_layer_cave, trove_entry_hex_spiral
D:13:     layout_roguey, serial_shops, nicolae_shop_crystal
D:14:     layout_basic, erik_vaults_1, minmay_the_grid_2x2
          [minmay_the_grid_square_x, minmay_the_grid_eight,
          minmay_the_grid_plusring, minmay_the_grid_prize_inner_circle],
          uniq_louise, uniq_kirke
D:15:     gammafunk_depths_entry_grave, layout_grid_maze
Temple:   nicolae_temple_slightly_damp_pantheon
Lair:1:   layout_regular_city, wad_woods_river_01
Lair:2:   lemuel_slime, layout_cave_pods, portal_ice_cave_entry_pillars_1,
          lemuel_fruit_tree
Lair:3:   slaughterhouse, layout_hall_layers, nicolae_shoals_entry_roost,
          dummy_snake_entry, uniq_amaemon
Lair:4:   layout_cave_pods, basic_altar, minivault_19
Lair:5:   due_jungle_book, layout_regular_city, slime_entry_1,
          nicolae_volcano_entry_batcave, tgw_fedhas, uniq_sonja
Shoals:1: layout_shoals, serial_nicolae_subway, nicolae_sub_station_stone,
          nicolae_sub_station_crystal, nicolae_sub_station_metal, uniq_frances,
          uniq_roxanne
Shoals:2: layout_shoals
Shoals:3: layout_shoals, nicolae_shoals_water_booths, uniq_jorgrun
Shoals:4: shoals_end_hangedman, layout_shoals, nicolae_shoals_undead_eyrie,
          uniq_nikola
Snake:1:  layout_basic, nrook_guardian_serpent_double
Snake:2:  layout_grid_maze, serial_shops, nicolae_shop_getting_attention,
          minmay_shoptagon, uniq_aizul
Snake:3:  layout_basic, serial_shops, nicolae_shop_hallway_plus,
          nicolae_snake_gridmaze_tees, grunt_megastairs_3, uniq_vashnia
Snake:4:  grunt_snake_rune_spirals, layout_concentric_octagons, uniq_bai_suzhen
Orc:1:    layout_caves
Orc:2:    grunt_orc_community_town_hall, layout_diamond_mine,
          grunt_orc_community_big_house_2, grunt_orc_community_big_house_1,
          grunt_orc_community_house_2, grunt_orc_community_house_3,
          grunt_orc_community_house_2, grunt_orc_community_house_3,
          grunt_orc_community_house_2, roderic_batcave, uniq_azrael
Elf:1:    minmay_elf_arrival_plus, layout_gridlike, serial_glass,
          glass_columns_b, glass_columns_b, minmay_elf_crystal_heptagon,
          small_statue_intersection, minmay_misc_feat_pillars, minivault_26,
          minmay_shop_star
Elf:2:    nicolae_elf_blades_crystal_corner, layout_gridlike,
          nicolae_elf_big_sculpture_3

Skill      XL: |  1  2  3  4  5  6  7  8  9 10 11 12 13 14 15 16 17 |
---------------+----------------------------------------------------+-----
Dodging        | 3 4 5 7 8 9 11 14 15 16 18 | 18.5
Stealth        | 3 |  3.5
Fighting       | 1 2 3 4 5 6 7 8 9 12 14 13 | 14.1
Spellcasting   | 3 5 6 7 8 10 11 12 13 15 | 15.0
Summonings     | 5 6 7 8 9 10 12 14 15 | 15.6
Hexes          | 4 5 |  5.0
Air Magic      | 2 5 6 7 11 14 | 14.1
Ice Magic      | 2 4 5 |  5.0
Translocations | 10 7 | 10.0
Transmutations | 10 12 13 | 13.7

Action                     |  1- 3 |  4- 6 |  7- 9 | 10-12 | 13-15 | 16-18 || total
---------------------------+-------+-------+-------+-------+-------+-------++-------
  Melee: Unarmed           |    14 |    27 |    45 |    40 |   149 |   195 ||   470
         Bite              |     1 |     4 |     7 |     3 |    35 |     6 ||    56
         Punch             |       |     1 |       |       |     2 |     4 ||     7
   Cast: Summon Small Mamm |    40 |    15 |    45 |    66 |    81 |     2 ||   249
         Call Imp          |    12 |     8 |    27 |    44 |    59 |     1 ||   151
         Call Canine Famil |    10 |    19 |    53 |    70 |    77 |     8 ||   237
         Summon Guardian G |       |     4 |    12 |    48 |    60 |     4 ||   128
         Summon Lightning  |       |       |    16 |    92 |   127 |    70 ||   305
         Ozocubu's Armour  |       |       |       |     4 |     1 |     1 ||     6
         Summon Forest     |       |       |       |    17 |    74 |    30 ||   121
         Summon Hydra      |       |       |       |       |   107 |   356 ||   463
         Blink             |       |       |       |       |       |     5 ||     5
         Storm Form        |       |       |       |       |       |    20 ||    20
 Invoke: Call Merchant     |       |       |       |     1 |       |       ||     1
         Potion Petition   |       |       |       |       |     1 |    10 ||    11
  Evoke: Wand              |       |       |     7 |     6 |    16 |    14 ||    43
         Phantom mirror    |       |       |       |       |     1 |       ||     1
         Lightning rod     |       |       |       |       |       |     1 ||     1
         Phial of floods   |       |       |       |       |       |     1 ||     1
    Use: Scroll            |    14 |     3 |     6 |     6 |     5 |    11 ||    45
         Potion            |       |       |     3 |     6 |     6 |    11 ||    26
   Stab: Sleeping          |     3 |     2 |     4 |       |       |     1 ||    10
         Distracted        |       |       |       |     4 |     1 |     7 ||    12
 Armour: Skin              |     2 |     3 |     4 |     8 |     8 |    39 ||    64
  Dodge: Dodged            |    23 |    27 |    62 |   337 |   246 |   573 ||  1268
  Block: Other             |       |       |       |       |    14 |    87 ||   101
         Reflection        |       |       |       |       |     2 |    13 ||    15
